 Dungeon Crawl Stone Soup version 0.31-a0-152-g6aa68a64a1 (webtiles) character file.

Game seed: 8405727602548152308

881 Ijustatesigmund the Stinger (level 8, -1/48 HPs)
             Began as an Octopode Venom Mage on June 9, 2023.
             Was an Initiate of Cheibriados.
             Slain by a white imp (2 damage)
             ... on level 5 of the Dungeon.
             The game lasted 00:12:57 (4954 turns).

Ijustatesigmund the Stinger (Octopode Venom Mage)   Turns: 4954, Time: 00:12:58

Health: -1/48      AC:  1    Str:  8    XL:     8   Next: 5%
Magic:  6/14       EV: 13    Int: 20    God:    Cheibriados [......]
Gold:   194        SH:  0    Dex: 14    Spells: 5/15 levels left

rFire   . . .        l - +1 broad axe
rCold   . . .        (no shield)
rNeg    . . .        (helmet restricted)
rPois   .            (no amulet)
rElec   .            (no ring)
rCorr   .            (no ring)
SInv    .            (no ring)
Will    .....        (no ring)
Stlth   +++          (no ring)
HPRegen 0.28/turn    (no ring)
MPRegen 0.14/turn    (no ring)
                     (no ring)

%: no passive effects
@: very slightly contaminated, very slow
A: almost no armour, amphibious, 8 rings, camouflage 1, gelatinous body 1,
(nimble swimmer 1), tentacles
a: Renounce Religion


You were on level 5 of the Dungeon.
You worshipped Cheibriados.
Cheibriados was noncommittal.
You visited 2 branches of the dungeon, and saw 6 of its levels.

You collected 194 gold pieces.

Inventory:

Hand Weapons
 b - a +1 hand axe
 l - a +1 broad axe (weapon)
Scrolls
 f - 2 scrolls of identify
 j - 2 scrolls of torment
 k - a scroll of teleportation
Potions
 a - 2 potions of magic
 c - 2 potions of invisibility
 d - 2 potions of attraction
 e - 3 potions of curing
 g - a potion of brilliance
 h - a potion of enlightenment


   Skills:
 - Level 1.2 Fighting
 - Level 2.0 Axes
 - Level 2.0 Dodging
 - Level 2.6 Stealth
 + Level 4.2 Spellcasting
 + Level 3.6 Conjurations
 - Level 1.2 Transmutations
 + Level 3.8 Air Magic
 + Level 6.2 Poison Magic
 + Level 1.0 Invocations


You had 5 spell levels left.
You knew the following spells:

 Your Spells              Type           Power      Damage    Failure   Level
a - Sting                 Tmut/Pois      76%        1d6       2%          1
b - Poisonous Vapours     Pois/Air       48%        N/A       2%          2
c - Mephitic Cloud        Conj/Pois/Air  22%        N/A       6%          3
d - Olgreb's Toxic Radia  Pois           29%        N/A       10%         4

Your spell library contained the following spells:

 Spells                   Type           Power      Damage    Failure   Level
 Summon Small Mammal      Summ           16%        N/A       13%         1
 Call Canine Familiar     Summ           4%         N/A       36%         3
 Ozocubu's Armour         Ice            4%         N/A       36%         3
 Summon Guardian Golem    Hex/Summ       4%         N/A       36%         3
 Ozocubu's Refrigeration  Ice            2%         4d7       100%        7


Dungeon Overview and Level Annotations

Branches:
Dungeon (5/15)             Temple (1/1) D:4

Altars:
Ashenzari
Cheibriados
Dithmenos
Elyvilon
Fedhas
Gozag
Hepliaklqana
Kikubaaqudgha
Makhleb
Nemelex Xobeh
Okawaru
Qazlal
Ru
Trog
Uskayaw
Vehumet
Wu Jian
Xom
Yredelemnul
Zin
The Shining One

Shops:
D:1 [   D:3 (


Innate Abilities, Weirdness & Mutations

You cannot wear most types of armour.
You are amphibious.
You can wear up to eight rings at the same time.
Your skin changes colour to match your surroundings (Stealth+).
Your rubbery body absorbs attacks. (AC +1, EV +1)
((You are camouflaged when in or above water. (Stealth+)))
You have tentacles for arms and can constrict up to eight enemies at once.


Message History

Casting: Olgreb's Toxic Radiance (quite dangerous; 10% risk of failure)
Confirm with . or Enter, or press ? or * to list all spells.
The spell is quite dangerous to miscast (10% risk of failure)!
Continue anyway? [Y]es or [N]o only, please.
The spell is quite dangerous to miscast (10% risk of failure)!
Continue anyway?
You miscast Olgreb's Toxic Radiance.
You are very lightly contaminated with residual magic.
Nothing appears to happen.
The gnoll hits you with a +0 flail.
* * * LOW HITPOINT WARNING * * *
The white imp closely misses you.
You feel much better. The gnoll closely misses you.
The white imp gestures at you. The puff of frost hits you!
Casting: Olgreb's Toxic Radiance (quite dangerous; 10% risk of failure)
Confirm with . or Enter, or press ? or * to list all spells.
The spell is quite dangerous to miscast (10% risk of failure)!
Continue anyway? [Y]es or [N]o only, please.
The spell is quite dangerous to miscast (10% risk of failure)!
Continue anyway?
You begin to radiate toxic energy.
The gnoll is poisoned.
The gnoll hits you with a +0 flail! The white imp hits you.
* * * LOW HITPOINT WARNING * * *
The white imp freezes you.
* * * LOW HITPOINT WARNING * * *
You hit the gnoll.
You kill the gnoll!
Cheibriados appreciates the change of pace.
You barely miss the white imp.
Your toxic aura wanes.
The white imp hits you but does no damage.
Your Invocations skill increases to level 1!
You hit the white imp but do no damage. You grab the white imp.
You squeeze the white imp, but do no damage.
You constrict the white imp. The white imp hits you.
* * * LOW HITPOINT WARNING * * *
The white imp freezes you.
* * * LOW HITPOINT WARNING * * *
The white imp hits you.
* * * LOW HITPOINT WARNING * * *
The white imp freezes you.
You die...

......... .......
.. ...... ...
....##...
........#
#......# #.
##).....# #.
#.@5.# ## ##.
###....###..
...#..
#...........
....##...........
#..#...........
#..............
##.............
#............. ##
##....#........


You could see a white imp.

Vanquished Creatures
  Sigmund (D:2)
  A phantom (D:4)
  A scorpion (D:4)
  A hound (D:4)
  An orc priest (D:4)
  Crazy Yiuf (D:4)
  A gnoll bouda (D:4)
  Jessica (D:2)
  A sleepcap (D:5)
  Natasha (thrice) (D:2)
  An iguana (D:5)
  An orc wizard (D:4)
  Robin (D:4)
  8 gnolls
  9 adders
  An ufetubus (D:5)
  3 worms
  2 dart slugs (D:3)
  10 orcs
  6 bats
  6 endoplasms
  5 giant cockroaches
  14 goblins
  8 hobgoblins
  7 jackals
  7 kobolds
  5 quokkas
  3 ball pythons
  4 frilled lizards
  4 rats
117 creatures vanquished.

Vanquished Creatures (collateral kills)
  A frilled lizard (D:3)
1 creature vanquished.

Grand Total: 118 creatures vanquished

Notes
Turn   | Place    | Note
-------+----------+-------------------------------------------
     0 | D:1      | Ijustatesigmund the Octopode Venom Mage began the quest for
                  | the Orb.
     0 | D:1      | Reached XP level 1. HP: 11/11 MP: 3/3
    77 | D:1      | Reached XP level 2. HP: 4/18 MP: 0/5
   237 | D:1      | Learned a level 2 spell: Poisonous Vapours
   478 | D:1      | Reached skill level 1 in Fighting
   588 | D:1      | Reached skill level 4 in Poison Magic
   588 | D:1      | Reached XP level 3. HP: 21/23 MP: 4/6
   659 | D:1      | Found a faded altar of an unknown god.
   720 | D:1      | Found Ima Ihue's Antique Armour Boutique.
  1063 | D:2      | Learned a level 3 spell: Mephitic Cloud
  1115 | D:2      | Reached skill level 1 in Air Magic
  1141 | D:2      | Noticed Natasha
  1147 | D:2      | Killed Natasha
  1148 | D:2      | Reached XP level 4. HP: 24/28 MP: 6/8
  1393 | D:2      | Noticed Natasha
  1400 | D:2      | Killed Natasha
  1401 | D:2      | Reached skill level 1 in Conjurations
  1684 | D:2      | Noticed Jessica
  1688 | D:2      | Killed Jessica
  1689 | D:2      | Reached XP level 5. HP: 19/33 MP: 4/9
  1849 | D:2      | Noticed Natasha
  1865 | D:2      | Killed Natasha
  2112 | D:2      | Noticed Sigmund
  2123 | D:2      | Killed Sigmund
  2124 | D:2      | Reached skill level 5 in Poison Magic
  2124 | D:2      | Reached XP level 6. HP: 27/38 MP: 5/11
  2176 | D:2      | Learned a level 4 spell: Olgreb's Toxic Radiance
  2287 | D:2      | You fall into a shaft and drop 2 floors!
  2414 | D:4      | Noticed Robin
  2418 | D:4      | Reached XP level 7. HP: 42/43 MP: 1/12
  2420 | D:4      | Killed Robin
  2422 | D:4      | Reached skill level 1 in Axes
  2528 | D:4      | Found a runed translucent door.
  2529 | D:4      | Noticed Crazy Yiuf
  3625 | D:3      | Found Omer's Weapon Shoppe.
  3922 | D:4      | Reached skill level 6 in Poison Magic
  4182 | D:4      | Found a staircase to the Ecumenical Temple.
  4191 | Temple   | Entered the Ecumenical Temple
  4257 | Temple   | Became a worshipper of Cheibriados the Contemplative
  4457 | D:4      | Killed Crazy Yiuf
  4684 | D:5      | Entered Level 5 of the Dungeon
  4923 | D:5      | Reached XP level 8. HP: 43/48 MP: 14/14
  4954 | D:5      | Reached skill level 1 in Invocations
  4954 | D:5      | HP: 1/48 [white imp (3)]
  4954 | D:5      | Slain by a white imp

Illustrated notes

Levels and vault maps discovered:
D:1:      giann_bridges, layout_basic, serial_shops, nicolae_shop_stone,
          shapermc_ecumenical_altar_flowoftime, minmay_misc_feat_iff,
          chequers_avenue, minmay_worlds_worst_comb
D:2:      layout_basic, corexii_hall_statues_t, uniq_natasha, uniq_sigmund,
          uniq_jessica
D:3:      layout_loops_ring, serial_shops, nicolae_diamond_shop
D:4:      layout_rooms, minmay_temple_entry_wispy, minmay_distorted, uniq_robin,
          uniq_crazy_yiuf_cottage
D:5:      layout_cave_pools, nicolae_shop_firing_range
Temple:   grunt_wide_crystal_templ

Skill      XL: |  1  2  3  4  5  6  7  8 |
---------------+-------------------------+-----
Fighting       | 1 |  1.2
Poison Magic   | 4 5 6 |  6.2
Air Magic      | 1 2 3 |  3.8
Conjurations   | 1 2 3 |  3.6
Spellcasting   | 3 4 |  4.2
Axes           | 2 |  2.0
Invocations    | 1 |  1.0
Dodging        | |  2.0
Stealth        | |  2.6
Transmutations | |  1.2

Action                     |  1- 3 |  4- 6 |  7- 9 || total
---------------------------+-------+-------+-------++-------
  Melee: Dagger            |     9 |       |       ||     9
         Constrict         |    24 |    12 |    25 ||    61
         Tentacles         |    26 |     8 |    16 ||    50
         Hand axe          |    80 |    34 |       ||   114
         Punch             |     3 |     2 |     1 ||     6
         Broad axe         |       |    16 |    88 ||   104
   Cast: Sting             |    13 |     2 |       ||    15
         Poisonous Vapours |       |     4 |     5 ||     9
         Mephitic Cloud    |       |     2 |     2 ||     4
         Olgreb's Toxic Ra |       |     3 |     8 ||    11
    Use: Scroll            |     3 |     4 |     7 ||    14
         Potion            |       |     3 |     5 ||     8
   Stab: Sleeping          |     7 |     3 |     5 ||    15
         Invisible         |       |     1 |       ||     1
         Distracted        |       |       |     1 ||     1
 Armour: Skin              |     7 |     8 |     2 ||    17
  Dodge: Dodged            |    72 |    41 |    66 ||   179

Table legend: (Time is in decaauts)
 A = Elapsed time spent in this place.
 B = Non-inter-level travel time spent in this place.
 C = Inter-level travel time spent in this place.
 D = Time resting spent in this place.
 E = Time spent auto-exploring this place.
 F = Levels seen in this place.
 G = Mean time per level.
                   A        B        C        D        E       F      G
               +--------+--------+--------+--------+--------+-----+--------+
         Total |   5118 |   4900 |    218 |   1656 |   2326 |   6 |  853.0 |
       Dungeon |   5042 |   4846 |    196 |   1656 |   2289 |   5 | 1008.4 |
        Temple |     76 |     54 |     22 |      0 |     37 |   1 |   76.0 |
               +--------+--------+--------+--------+--------+-----+--------+

Top non-repeatable levels by time:
     D:4: 1466 daAuts
     D:2: 1348 daAuts
     D:1: 1077 daAuts
     D:3: 862 daAuts
     D:5: 287 daAuts
  Temple: 76 daAuts
